 Dungeon Crawl Stone Soup version 0.27-a0-1334-g2746e35aca (webtiles) character file.

Game seed: 2054932506779695093

19 Sweetruy1997 the Gusty (level 2, 0/15 HPs)
             Began as a Tengu Air Elementalist on June 25, 2021.
             Slain by an adder (4 damage)
             ... on level 2 of the Dungeon on June 26, 2021.
             The game lasted 00:09:21 (760 turns).

Sweetruy1997 the Gusty (Tengu Air Elementalist)      Turns: 760, Time: 00:09:22

Health: 0/15       AC:  3    Str:  8    XL:     2   Next: 75%
Magic:  1/6        EV: 11    Int: 15    God:
Gold:   16         SH:  0    Dex: 14    Spells: 2/5 levels left

rFire    . . .     SeeInvis .   b - +1 whip (venom)
rCold    . . .     Faith    .   (no shield)
rNeg     . . .     Spirit   .   c - +0 leather armour
rPois    .         Reflect  .   (helmet restricted)
rElec    .         Harm     .   (no cloak)
rCorr    .         Rampage  .   (no gloves)
Will     .....                  (boots unavailable)
Stlth    ++........             (no amulet)
HPRegen  0.05/turn              (no ring)
MPRegen  0.10/turn              (no ring)

@: lethally poisoned (0 -> -3)
A: beak, talons 3
a: no special abilities


You were on level 2 of the Dungeon.
You visited 1 branch of the dungeon, and saw 2 of its levels.

You collected 16 gold pieces.

Inventory:

Hand Weapons
 b - a +1 whip of venom (weapon)
Armour
 c - a +0 leather armour (worn)
Scrolls
 a - a scroll of immolation {unknown}
 d - a scroll of fear {unknown}
 e - a scroll of identify {unknown}
 f - a scroll of teleportation {unknown}


   Skills:
 + Level 2.2 Dodging
 + Level 2.1 Stealth
 + Level 2.2 Spellcasting
 + Level 1.5 Conjurations
 + Level 4.7 Air Magic


You had 2 spell levels left.
You knew the following spells:

 Your Spells              Type           Power      Damage    Failure   Level
a - Shock                 Conj/Air       44%        1d5       9%          1
b - Static Discharge      Conj/Air       11%        N/A       13%         2

Your spell library contained the following spells:

 Spells                   Type           Power      Damage    Failure   Level
 Summon Small Mammal      Summ           4%         N/A       32%         1
 Call Imp                 Summ           1%         N/A       43%         2
 Swiftness                Air            15%        N/A       14%         3
 Airstrike                Air            7%         N/A       41%         4
 Call Canine Familiar     Summ           1%         N/A       67%         3
 Summon Guardian Golem    Hex/Summ       1%         N/A       67%         3
 Summon Lightning Spire   Summ/Air       8%         N/A       75%         4
 Lightning Bolt           Conj/Air       5%         1d17      94%         5
 Summon Ice Beast         Ice/Summ       1%         N/A       97%         4


Dungeon Overview and Level Annotations

Branches:
Dungeon (2/15)

Altars:

Shops:
D:1 *


Innate Abilities, Weirdness & Mutations

You have a beak for a mouth.
You have claws for feet.


Message History

The worm closely misses you.
You hit the worm. You claw the worm, but do no damage.
Your peck misses the worm.
The worm is severely wounded.
The worm bites you.
You hit the worm.
The worm looks as sick as possible!
You claw the worm.
You kill the worm!
The adder hisses angrily.
A hobgoblin comes into view.
The zap hits the hobgoblin.
The hobgoblin is moderately wounded.
The hobgoblin shouts!
You barely miss the hobgoblin. Your peck misses the hobgoblin.
The hobgoblin is moderately wounded.
An endoplasm comes into view.
The hobgoblin closely misses you.
You barely miss the hobgoblin. Your kick misses the hobgoblin.
The hobgoblin is moderately wounded.
The hobgoblin hits you.
You hit the hobgoblin.
The hobgoblin is poisoned.
The hobgoblin is almost dead.
You kill the hobgoblin!
The adder bites you.
You barely miss the adder. The adder bites you but does no damage.
You barely miss the adder. Your peck misses the adder.
The adder closely misses you. The adder bites you.
Your leather armour prevents you from hitting the adder.
The adder bites you.
You are poisoned.
The adder poisons you!
Casting: Shock (safe; 9% risk of failure)
Confirm with . or Enter, or press ? or * to list all spells.
You don't have enough magic to cast this spell.
Unknown command.
You aren't carrying any potions.
You feel sick.
You closely miss the adder. Your kick misses the adder.
* * * LOW HITPOINT WARNING * * *
You feel sick. The adder bites you.
You die...

### #<# #.# #.# #.#
#############.#
#...JS@.......#
$.....$.###########
........# ....(.$.#
..!.....# ........#
........# #####.###


You could see an adder and an endoplasm.

Vanquished Creatures
  A worm (D:2)
  A ball python (D:1)
  2 endoplasms (D:1)
  A goblin (D:1)
  4 hobgoblins
  2 bats (D:1)
  3 frilled lizards (D:1)
  A rat (D:1)
15 creatures vanquished.

Notes
Turn   | Place    | Note
-------+----------+-------------------------------------------
     0 | D:1      | Sweetruy1997 the Tengu Air Elementalist began the quest for
                  | the Orb.
     0 | D:1      | Reached XP level 1. HP: 10/10 MP: 4/4
   225 | D:1      | Found a faded altar of an unknown god.
   230 | D:1      | Upgraded the game from 0.27-a0-1332-g84bddb5ca7 to
                  | 0.27-a0-1334-g2746e35aca
   330 | D:1      | Reached XP level 2. HP: 15/15 MP: 4/6
   333 | D:1      | Learned a level 2 spell: Static Discharge
   467 | D:1      | Found Beskoyso's Assorted Antiques.
   760 | D:2      | Slain by an adder

Illustrated notes

Levels and vault maps discovered:
D:1:      tarquinn_simple_flora_water_a, layout_rooms, serial_shops,
          shop_statue, ebering_ecumenical_altar_petrified
D:2:      layout_basic, minmay_3d_cube

Action                   || total
-------------------------++-------
Melee: Whip              ||    12
       Kick              ||     2
 Cast: Shock             ||    25
       Static Discharge  ||     2
Armor: Leather armour    ||     1
Dodge: Dodged            ||     4

Table legend: (Time is in decaauts)
 A = Elapsed time spent in this place.
 B = Non-inter-level travel time spent in this place.
 C = Inter-level travel time spent in this place.
 D = Time resting spent in this place.
 E = Time spent auto-exploring this place.
 F = Levels seen in this place.
 G = Mean time per level.
                   A        B        C        D        E       F      G
               +--------+--------+--------+--------+--------+-----+--------+
         Total |    760 |    751 |      9 |    141 |    508 |   2 |  380.0 |
       Dungeon |    760 |    751 |      9 |    141 |    508 |   2 |  380.0 |
               +--------+--------+--------+--------+--------+-----+--------+

Top non-repeatable levels by time:
     D:1: 721 daAuts
     D:2: 38 daAuts
